 Dungeon Crawl Stone Soup version 0.30.0-5-g1a98f26d00 (webtiles) character file.

Game seed: 6656426090372692963

7664 ryw the Brawler (level 10, -11/66 HPs)
             Began as a Demonspawn Monk on May 10, 2023.
             Was an Elder of Hepliaklqana.
             Killed from afar by a molten gargoyle (28 damage)
             ... with a bolt of magma
             ... on level 9 of the Dungeon.
             The game lasted 00:21:36 (9765 turns).

ryw the Brawler (Demonspawn Monk)                   Turns: 9765, Time: 00:21:37

Health: -11/66     AC: 10    Str: 23    XL:     10   Next: 99%
Magic:  0/10       EV: 13    Int: 11    God:    Hepliaklqana [****..]
Gold:   1898       SH:  0    Dex: 21    Spells: 9/9 levels left

rFire   . .          .
                       - Unarmed
rCold   . . .        c - orb {light}
rNeg    . . .        x - +0 steam dragon scales
rPois   .            C - +2 hat
rElec   .            n - scarf {shadows}
rCorr   .            (no gloves)
SInv    .            H - +2 pair of boots
Will    .....        I - amulet of guardian spirit
Stlth   +            l - +6 ring of dexterity
HPRegen 0.31/turn    a - +6 ring of strength
MPRegen 0.12/turn

%: guardian spirit
@: mighty, glowing
A: reduced essence, claws 1, horns 1, powered by pain 1, weakness stinger 2
a: Renounce Religion, Recall Ancestor, Ancestor Identity, Transference, Idealise


You were on level 9 of the Dungeon.
You worshipped Hepliaklqana.
Hepliaklqana was greatly pleased with you.
You visited 1 branch of the dungeon, and saw 9 of its levels.
You also visited: Sewer and Ossuary.

You collected 1898 gold pieces.

Inventory:

Missiles
 j - a throwing net
 q - 33 poisoned darts
 L - 3 atropa-tipped darts
Armour
 c - an orb of light (worn)
 f - a +1 cloak
 n - a scarf of shadows (worn)
 x - +0 steam dragon scales (worn)
 C - a +2 hat (worn)
 H - a +2 pair of boots (worn)
Jewellery
 a - a +6 ring of strength (right claw)
 l - a +6 ring of dexterity (left claw)
 m - a ring of ice
 u - a +6 ring of intelligence
 z - a ring of ice
 I - an amulet of guardian spirit (around neck)
Wands
 F - a wand of digging (8)
 G - a wand of iceblast (12) (quivered)
 J - a wand of mindburst (15)
 K - a wand of paralysis (5)
Scrolls
 e - 3 scrolls of blinking
 g - 2 scrolls of noise
 p - 2 scrolls of fear
 s - 3 scrolls of amnesia
 v - 2 scrolls of poison {unknown}
 y - a scroll of identify
 B - 4 scrolls of teleportation
 E - a scroll of immolation {unknown}
Potions
 d - a potion of haste {unknown}
 h - a potion of cancellation {unknown}
 k - 3 potions of attraction {unknown}
 o - 2 potions of flight {unknown}
 r - 5 potions of curing
 t - a potion of might {unknown}
 w - 6 potions of mutation {unknown}
 A - 3 potions of brilliance {unknown}
 D - 2 potions of resistance {unknown}
 M - a potion of lignification {unknown}


   Skills:
 - Level 5.0 Fighting
 - Level 3.0 Dodging
 * Level 15.1 Unarmed Combat


You had 9 spell levels left.
You didn't know any spells.
Your spell library contained the following spells:

 Spells                   Type           Power      Damage    Failure   Level
 Beastly Appendage        Tmut           0%         N/A       34%         1
 Necrotise                Necr           0%         1d4       34%         1
 Blink                    Tloc           0%         N/A       47%         2
 Lesser Beckoning         Tloc           0%         N/A       47%         2
 Momentum Strike          Conj/Tloc      0%         3d8       47%         2
 Static Discharge         Conj/Air       0%         2-2/arc   47%         2
 Wereblood                Tmut           0%         N/A       47%         2
 Spider Form              Tmut/Pois      0%         N/A       71%         3
 Vampiric Draining        Necr           0%         2d6       71%         3
 Volatile Blastmotes      Fire/Tloc      0%         2d10      71%         3
 Airstrike                Air            0%         2d(0-16)  98%         4
 Fulminant Prism          Conj/Hex       0%         3d5       98%         4
 Iskenderun's Mystic Bla  Conj/Tloc      0%         2d3       98%         4
 Summon Lightning Spire   Summ/Air       0%         N/A       98%         4
 Agony                    Necr           0%         N/A       100%        5
 Lee's Rapid Deconstruct  Erth           0%         3d4*      100%        5


Dungeon Overview and Level Annotations

Branches:
Dungeon (9/15)             Temple (0/1) D:4            Lair (0/5) D:9
  Sewer (visited)         Ossuary (visited)
    Orc: D:9-12

Altars:
Cheibriados
Hepliaklqana
Trog
Wu Jian

Portals:
Abyss: D:3

Annotations:
D:3 2 transporters, Valagong's ghost, amateur MiFi


Innate Abilities, Weirdness & Mutations

Your life essence is reduced to manifest your ancestor. (-10% HP)
You have sharp fingernails.
You have a pair of small horns on your head.
You sometimes gain a little power by taking damage.
You have a tail ending in a sharp stinger.


Message History

Aiming: Iceblast
Press: ? - help, Q - select action, (/) - cycle Shift-Dir - straight line, f/p - molten gargoyle
Aim: a molten gargoyle, wielding a +2 mace of holy wrath (moderately damaged, haloed)
The mass of ice explodes!
The iceblast engulfs the molten gargoyle.
The molten gargoyle is heavily damaged.
Aiming: Iceblast
Press: ? - help, Q - select action, (/) - cycle Shift-Dir - straight line, p - molten gargoyle The mass of ice explodes!
The iceblast engulfs the molten gargoyle.
The molten gargoyle is severely damaged.
The molten gargoyle blasts magma at you!
The bolt of magma hits you!!
You focus on the pain.
You feel your power returning.
Aiming: Iceblast
Press: ? - help, Q - select action, (/) - cycle Shift-Dir - straight line The mass of ice explodes!
The iceblast engulfs the molten gargoyle but does no damage.
The molten gargoyle is severely damaged.
The molten gargoyle hits you with a +2 mace of holy wrath!
You are engulfed in flames!
You convulse!
* * * LOW HITPOINT WARNING * * *
Aiming: Iceblast
Press: ? - help, Q - select action, (/) - cycle Shift-Dir - straight line The mass of ice explodes!
The iceblast engulfs the molten gargoyle.
The molten gargoyle is almost destroyed.
The molten gargoyle blasts magma at you!
The bolt of magma hits you!
* * * LOW HITPOINT WARNING * * *
Okay, then.
You feel much better.
The molten gargoyle hits you with a +2 mace of holy wrath!
You are engulfed in flames!
You focus on the pain.
You feel very mighty all of a sudden.
You convulse.
* * * LOW HITPOINT WARNING * * *
The molten gargoyle blasts magma at you!
The bolt of magma hits you!!
You die...

##..#........# #.. .##..
###...........## ##.# #....
.....[..###.....##..# ##..#
...##...###.......#..###...#
..# ##...#.....##..........#
# .# ##.)[[....#...##......#
# ##[.(.........####....# ##
#.|.().....#..# #....###.
#..####..9@##..# ##........
...# #.(.###..# #..##...##
.... #)9.# #..# #.##....##
.#. #.........##..#.....#
#..#..###........###..#
..#...## .##..## ##..
≈(#....# . #.# .. §≈.#....
## .. §# .... .


You could see 2 molten gargoyles.

Vanquished Creatures
  Pikel (D:7)
  Joseph (D:7)
  Maggie (D:7)
  A hornet (D:9)
  Grinder (D:5)
  A wraith (D:9)
  3 yaks
  A water moccasin (D:5)
  An ice beast (D:8)
  2 sky beasts (D:7)
  2 orc warriors
  A black bear (D:6)
  2 centaurs
  A lemure (D:7)
  3 kobold brigands
  8 bullfrogs
  4 scorpions
  A gnoll sergeant (D:8)
  2 wights (D:7)
  15 killer bees
  2 howler monkeys
  A gnoll bouda (D:9)
  5 hounds
  A jelly (D:7)
  5 orc priests
  5 iguanas
  4 orc wizards
  Natasha (thrice) (D:2)
  A mummy (Ossuary)
  Robin (D:2)
  7 gnolls
  12 adders
  A white imp (D:5)
  2 ufetubi
  2 worms
  2 dart slugs
  19 orcs
  4 spectral bats (Ossuary)
  10 ball pythons
  4 endoplasms
  9 giant cockroaches
  12 gnoll zombies (Ossuary)
  15 goblins
  13 hobgoblins
  4 jackals (D:1)
  8 quokkas
  4 bats
  2 bat simulacra (Ossuary)
  11 frilled lizards
  5 goblin simulacra (Ossuary)
  3 goblin zombies (Ossuary)
  7 hobgoblin zombies (Ossuary)
  17 kobolds
  4 kobold simulacra (Ossuary)
  6 kobold zombies (Ossuary)
  An orc zombie (Ossuary)
  8 rats
  4 rat simulacra (Ossuary)
  2 spectral goblins (Ossuary)
  2 spectral kobolds (Ossuary)
  A spectral rat (Ossuary)
281 creatures vanquished.

Vanquished Creatures (collateral kills)
  Erica (D:8)
  A komodo dragon (D:9)
  A shadow (D:9)
  3 yaks (D:6)
  A water moccasin (D:5)
  A bullfrog (D:7)
  A wight (D:7)
  A killer bee (D:7)
  A hound (D:4)
  An orc priest (D:9)
  A jelly (D:6)
  Terence (D:2)
  An orc wizard (D:8)
  A gnoll (D:8)
  An adder (D:5)
  A spectral bat (Ossuary)
  2 goblins
  2 quokkas
  A hobgoblin zombie (Ossuary)
  5 kobolds
  A spectral rat (Ossuary)
29 creatures vanquished.

Vanquished Creatures (others)
  2 hexers (D:9)
2 creatures vanquished.

Grand Total: 312 creatures vanquished

Notes
Turn   | Place    | Note
-------+----------+-------------------------------------------
     0 | D:1      | ryw the Demonspawn Monk began the quest for the Orb.
     0 | D:1      | Reached XP level 1. HP: 18/18 MP: 1/1
   157 | D:1      | Discovered your monstrous ancestry.
   157 | D:1      | Gained mutation: You have a pair of small horns on your
                  | head. [demonic ancestry]
   157 | D:1      | Reached XP level 2. HP: 17/24 MP: 2/2
   745 | D:2      | Gained mutation: You have sharp fingernails. [demonic
                  | ancestry]
   745 | D:2      | Reached XP level 3. HP: 28/30 MP: 3/3
   826 | D:2      | Noticed Terence
   855 | D:2      | Noticed Robin
  1044 | D:3      | Reached skill level 3 in Unarmed Combat
  1362 | D:3      | Gained mutation: You have a small tail. [demonic ancestry]
  1362 | D:3      | Reached XP level 4. HP: 35/37 MP: 4/4
  1387 | D:3      | Found a transporter.
  1389 | D:3      | Noticed Valagong's ghost (amateur MiFi)
  1389 | D:3      | Noticed an ancient zyme
  1391 | D:3      | Found a one-way gate to the infinite horrors of the Abyss.
  1395 | D:3      | Found a transporter.
  1444 | D:3      | Found a glowing drain.
  1445 | D:3      | Found a faded altar of an unknown god.
  1475 | Sewer    | Entered a sewer
  1534 | Sewer    | Reached skill level 4 in Unarmed Combat
  1650 | Sewer    | Reached XP level 5. HP: 33/42 MP: 5/5
  1840 | Sewer    | Reached skill level 5 in Unarmed Combat
  1840 | Sewer    | Gained mutation: You have a tail ending in a sharp stinger.
                  | [demonic ancestry]
  1840 | Sewer    | Reached XP level 6. HP: 22/49 MP: 6/6
  2192 | D:3      | Found a hazy altar of Hepliaklqana.
  2200 | D:3      | Became a worshipper of Hepliaklqana the Forgotten
  2200 | D:3      | Reached * piety under Hepliaklqana
  2200 | D:3      | Reached ** piety under Hepliaklqana
  2201 | D:3      | Remembered your ancestor Izel as a hexer
  2390 | D:2      | Killed Robin
  2654 | D:2      | Noticed Natasha
  2659 | D:2      | Killed Natasha
  2779 | D:2      | Noticed Natasha
  2784 | D:2      | Killed Natasha
  2802 | D:2      | Noticed Natasha
  2809 | D:2      | Killed Natasha
  2810 | D:2      | Reached skill level 5 in Fighting
  3056 | D:2      | Killed Terence
  3176 | D:4      | Reached skill level 6 in Unarmed Combat
  3240 | D:4      | Gained mutation: You sometimes gain a little power by
                  | taking damage. [demonic ancestry]
  3240 | D:4      | Reached XP level 7. HP: 43/50 MP: 7/7
  3310 | D:4      | Reached skill level 7 in Unarmed Combat
  3523 | D:4      | Found a staircase to the Ecumenical Temple.
  3892 | D:5      | Entered Level 5 of the Dungeon
  4105 | D:5      | Reached *** piety under Hepliaklqana
  4111 | D:5      | Reached skill level 8 in Unarmed Combat
  4166 | D:5      | Reached XP level 8. HP: 36/55 MP: 8/8
  4446 | D:5      | Noticed Grinder
  4449 | D:5      | Paralysed by Grinder for 5 turns
  4459 | D:5      | Killed Grinder
  4486 | D:5      | Reached skill level 9 in Unarmed Combat
  4694 | D:6      | Found an ornate altar of the Wu Jian Council.
  5048 | D:6      | Reached skill level 10 in Unarmed Combat
  5422 | D:6      | Reached XP level 9. HP: 55/61 MP: 7/9
  5460 | D:6      | Reached skill level 11 in Unarmed Combat
  5699 | D:7      | Found a sand-covered staircase.
  5708 | Ossuary  | Entered an ossuary
  5716 | Ossuary  | Identified 2 scrolls of acquirement
  5717 | Ossuary  | Acquired 767 gold pieces
  5719 | Ossuary  | Acquired 519 gold pieces
  6259 | D:7      | Reached skill level 12 in Unarmed Combat
  6312 | D:7      | Noticed Joseph
  6321 | D:7      | Killed Joseph
  6621 | D:7      | Reached **** piety under Hepliaklqana
  6721 | D:7      | Found a snail-covered altar of Cheibriados.
  6728 | D:7      | Found a bloodstained altar of Trog.
  6761 | D:7      | Noticed Pikel
  6770 | D:7      | Killed Pikel
  6771 | D:7      | Reached skill level 13 in Unarmed Combat
  6771 | D:7      | Reached XP level 10. HP: 53/66 MP: 7/10
  6964 | D:8      | Noticed Maggie
  7343 | D:7      | Killed Maggie
  7801 | D:8      | Noticed Erica
  7808 | D:8      | Killed Erica
  7809 | D:8      | Reached skill level 14 in Unarmed Combat
  8671 | D:9      | Paralysed by a hornet for 2 turns
  8906 | D:9      | Found a staircase to the Lair.
  9389 | D:9      | Reached skill level 15 in Unarmed Combat
  9473 | D:9      | Noticed a molten gargoyle
  9759 | D:9      | Noticed a molten gargoyle
  9765 | D:9      | Killed from afar by a molten gargoyle

Illustrated notes

Levels and vault maps discovered:
D:1:      nicolae_arrival_somewhat_less_tricky_arrival, layout_loops_ring
D:2:      layout_loops_ring, basic_altar, uniq_terence, uniq_robin, uniq_natasha
D:3:      layout_rooms, overflow_temple_1_default, portal_sewer_entry_a,
          gammafunk_ghost_abyssal_escape, ebering_ecumenical_altar_mist,
          minivault_26
D:4:      layout_basic, temple_pool_b, minmay_close_crescents
D:5:      layout_rooms, zin_academy, uniq_grinder
D:6:      layout_basic, nicolae_wu_jian_wuxing_cycle, hangedman_decor_opposing
D:7:      layout_loops_ring, amethyst_overflow_temple_binary,
          nicolae_ossuary_entry_ruins, st_stairs_6, uniq_pikel, uniq_joseph
D:8:      layout_basic, nicolae_elyvilon_temple_path, uniq_erica, uniq_maggie
D:9:      layout_layer_cave, david_lair_shrubbed, enter_bailey_4,
          serial_park_tiny_pond, minivault_8

Skill      XL: |  1  2  3  4  5  6  7  8  9 10 |
---------------+-------------------------------+-----
Fighting       | 4 5 |  5.0
Unarmed Combat | 3 4 5 6 8 10 13 15 | 15.1
Dodging        | 3 |  3.0

Action                     |  1- 3 |  4- 6 |  7- 9 | 10-12 || total
---------------------------+-------+-------+-------+-------++-------
  Melee: Dagger            |    46 |       |       |       ||    46
         Unarmed           |    48 |   176 |   237 |   130 ||   591
         Headbutt          |     7 |    25 |    43 |    28 ||   103
         Tailslap          |       |    15 |    41 |    23 ||    79
  Throw: Dart              |       |       |       |     4 ||     4
 Invoke: Ancestor Life: He |       |     1 |       |       ||     1
         Recall Ancestor   |       |       |       |     3 ||     3
  Evoke: Wand              |       |       |       |     6 ||     6
    Use: Scroll            |       |       |    17 |     1 ||    18
         Potion            |       |       |     1 |     2 ||     3
   Stab: Confused          |       |     1 |     6 |     7 ||    14
         Distracted        |       |       |       |     1 ||     1
 Armour: Robe              |    17 |    24 |       |       ||    41
         Chain mail        |       |     7 |    86 |       ||    93
         Leather armour    |       |       |     5 |     7 ||    12
         Steam dragon scal |       |       |       |    33 ||    33
  Dodge: Dodged            |    64 |    98 |    92 |   128 ||   382
